 Dungeon Crawl Stone Soup version 0.22-a0-303-g4a852b3 (webtiles) character file.

393 Kidiri the Magician (level 6, 0/32 HPs)
             Began as a Deep Elf Fire Elementalist on Mar 27, 2018.
             Slain by Grinder (8 damage)
             ... while paralysed by Grinder
             ... on level 3 of the Dungeon.
             The game lasted 00:14:10 (4237 turns).

Kidiri the Magician (Deep Elf Fire Elementalist)    Turns: 4237, Time: 00:14:10

Health: 0/32       AC:  3    Str:  5    XL:     6   Next: 51%
Magic:  6/17       EV:  2    Int: 22    God:
Gold:   154        SH:  0    Dex: 15    Spells: 0/18 levels left

rFire    . . .     SeeInvis .   t - +2 dagger (venom)
rCold    . . .     Gourm    +   (no shield)
rNeg     . . .     Faith    .   q - +0 robe (curse)
rPois    .         Spirit   .   (no helmet)
rElec    .         Reflect  .   (no cloak)
rCorr    .         Harm     .   (no gloves)
MR       .....                  m - +0 pair of boots
Stlth    ++........             k - amulet of the gourmand
HPRegen  0.10/turn              (no ring)
MPRegen  0.15/turn              (no ring)

@: paralysed, very slightly contaminated
A: no striking features
a: no special abilities


You were on level 3 of the Dungeon.
You were completely stuffed.

You visited 1 branch of the dungeon, and saw 3 of its levels.
You also visited: Sewer.

You collected 154 gold pieces.

Inventory:

Hand Weapons
 t - a +2 dagger of venom (weapon)
Missiles
 s - 17 poisoned needles
Armour
 a - a +0 robe
 i - a +0 large shield
 m - a +0 pair of boots (worn)
 q - a cursed +0 robe (worn)
Jewellery
 k - an amulet of the gourmand (around neck)
Wands
 r - a wand of paralysis (17)
Scrolls
 b - a scroll of identify
 e - 2 scrolls of remove curse
 h - 2 scrolls of fog
 n - a scroll of blinking
Potions
 d - a potion of ambrosia
 f - a potion of haste
 j - a potion of curing
 o - a potion of agility {unknown}
 p - a potion of degeneration {unknown}
Comestibles
 c - 7 rations


   Skills:
 + Level 0.1 Fighting
 + Level 0.2 Short Blades
 + Level 0.0 Armour
 + Level 2.4 Dodging
 - Level 2.4 Stealth
 + Level 0.0 Shields
 * Level 6.9 Spellcasting
 + Level 3.6 Conjurations
 + Level 4.9 Fire Magic


You couldn't memorise any spells.
You knew the following spells:

 Your Spells              Type           Power        Failure   Level  Hunger
a - Flame Tongue          Conj/Fire      ####.        1%          1    None
b - Throw Flame           Conj/Fire      ####..       2%          2    None
c - Conjure Flame         Conj/Fire      ####....     4%          3    None
d - Inner Flame           Hex/Fire       ###.....     9%          3    None
e - Sticky Flame          Conj/Fire      ####....     14%         4    ###....
f - Fireball              Conj/Fire      ####......   36%         5    #####..


Dungeon Overview and Level Annotations

Branches:
Dungeon (3/15)

Altars:
Ashenzari
Kikubaaqudgha
Qazlal
Xom

Annotations:
D:3 Grinder


Message History

Aiming: Flame Tongue (safe; 1% risk of failure)
Press: ? - help, Shift-Dir - straight line, f/p - Grinder
Aim: Grinder (heavily wounded, covered in liquid flames)
The flame tongue misses Grinder.
Grinder burns!
Grinder barely misses you.
Casting: Flame Tongue (safe; 1% risk of failure)
Confirm with . or Enter, or press ? or * to list all spells.
Aiming: Flame Tongue (safe; 1% risk of failure)
Press: ? - help, Shift-Dir - straight line, f/p - Grinder
Aim: Grinder (severely wounded, covered in liquid flames)
The flame tongue hits Grinder.
Grinder is severely wounded.
Grinder burns!
Grinder gestures at you. Pain shoots through your body!
* * * LOW HITPOINT WARNING * * *
It was a potion of curing.
You feel better.
Grinder burns!
Grinder gestures at you.
You suddenly lose the ability to move!
Grinder burns!
Grinder hits you!
You die...

######### #.......# ##
#.......# ###### .#
#.......# #....# .#
#.......## #@...#
.####).......###.5..###
.......................#
.#####.#....[(##....##.#
.#####(#####...........#
#####
......(.................
...
##.###.#####..#.####...#
#.# ##.# #(.......#.#
...# #.## ...#
#.##.....#.# .... #..##


You could see Grinder (burning).

Vanquished Creatures
  Purgy (Sewer)
  2 jellies (D:3)
  A bullfrog skeleton (D:3)
  4 gnolls (D:3)
  6 adders
  An ooze (D:1)
  2 worms (D:2)
  A dart slug (D:1)
  10 leopard geckos
  4 orcs (D:3)
  8 bats
  5 giant cockroaches
  10 goblins
  12 hobgoblins
  An iguana (D:3)
  4 jackals
  12 kobolds
  3 ball pythons
  10 frilled lizards
  10 rats
107 creatures vanquished.

Notes
Turn   | Place    | Note
-------+----------+-------------------------------------------
     0 | D:1      | Kidiri the Deep Elf Fire Elementalist began the quest for the Orb.
     0 | D:1      | Reached XP level 1. HP: 10/10 MP: 6/6
   317 | D:1      | Reached XP level 2. HP: 15/15 MP: 2/8
   340 | D:1      | Learned a level 2 spell: Throw Flame
   461 | D:1      | Reached skill level 4 in Spellcasting
   623 | D:1      | Reached XP level 3. HP: 19/19 MP: 8/10
   628 | D:1      | Learned a level 3 spell: Conjure Flame
   632 | D:1      | Learned a level 3 spell: Inner Flame
  1243 | D:2      | Found a stormy altar of Qazlal.
  1326 | D:2      | Found a shattered altar of Ashenzari.
  1335 | D:2      | Found an ancient bone altar of Kikubaaqudgha.
  1442 | D:2      | Reached XP level 4. HP: 12/24 MP: 0/12
  2164 | D:2      | Reached skill level 5 in Spellcasting
  2287 | D:2      | Found a faded altar of an unknown god.
  2541 | D:3      | Learned a level 4 spell: Sticky Flame
  2637 | D:3      | Noticed Grinder
  2653 | D:3      | Found a shimmering altar of Xom.
  2897 | D:3      | Reached XP level 5. HP: 27/28 MP: 10/15
  2975 | D:3      | Found a glowing drain.
  2994 | Sewer    | Entered a sewer
  3161 | Sewer    | Noticed Purgy
  3176 | Sewer    | Killed Purgy
  3176 | Sewer    | Reached skill level 6 in Spellcasting
  3176 | Sewer    | Reached XP level 6. HP: 15/32 MP: 3/17
  3769 | D:3      | Learned a level 5 spell: Fireball
  4236 | D:3      | Paralysed by Grinder for 5 turns
  4237 | D:3      | Slain by Grinder

Vault maps used:
D:1:      scummos_arrival_gate, minmay_parallelograms, minmay_stone_trees_medium
D:2:      nicolae_overflow_hidden_temple, nicolae_overflow_crystal_walls,
          serial_co_window_serial, co_window_corner_a, co_window_corner_a,
          co_window_paths_b, co_window_corner_a, co_window_paths_a,
          co_window_corner_b, co_window_corner_b, co_window_unsneaky_path_e,
          co_window_4corner_a, glass_columns_a, glass_columns_a,
          glass_columns_a, glass_columns_a, glass_columns_a,
          chequers_ecumenical_altar_grove
D:3:      gup_sewer_entry_pipe, first_ration, hex_medium, dk_xom_monty_hall,
          uniq_grinder
Sewer:    sewer_the_crocodile

Skill      XL: |  1  2  3  4  5 |
---------------+----------------+-----
Spellcasting   | 4 5 6 |  6.9
Conjurations   | 2 3 |  3.6
Fire Magic     | 4 |  4.9
Fighting       | |  0.1
Short Blades   | |  0.2
Dodging        | |  2.4
Stealth        | |  2.4

Action                   |  1- 3 |  4- 6 || total
-------------------------+-------+-------++-------
Melee: Short sword       |     3 |    12 ||    15
       Whip              |     2 |       ||     2
       Dagger            |    12 |    23 ||    35
 Cast: Flame Tongue      |    62 |    90 ||   152
       Throw Flame       |     9 |    14 ||    23
       Sticky Flame      |       |     6 ||     6
       Conjure Flame     |       |     1 ||     1
       Inner Flame       |       |     1 ||     1
  Use: Scroll            |       |    10 ||    10
       Potion            |       |     1 ||     1
 Stab: Sleeping          |     5 |     3 ||     8
  Eat: Chunk             |     1 |    23 ||    24
Armor: Robe              |     7 |    18 ||    25
Dodge: Dodged            |    22 |    68 ||    90

Table legend:
 A = Spawn XP
 B = Non-spawn XP
 C = Spawn XP percentage of total XP
 D = Spawn monster count
 E = Non-spawn monster count
 F = Spawn count percentage of total count
 G = Total turns spent on level
                    A         B        C        D         E        F      G
               +---------+---------+-------+---------+---------+-------+---------
         Total |       0 |     562 |   0.0 |       0 |     107 |   0.0 |  4237
               +---------+---------+-------+---------+---------+-------+---------
           D:1 |       0 |      56 |   0.0 |       0 |      31 |   0.0 |  1011
           D:2 |       0 |      91 |   0.0 |       0 |      23 |   0.0 |  1519
           D:3 |       0 |     282 |   0.0 |       0 |      47 |   0.0 |  1288
         Sewer |       0 |     133 |   0.0 |       0 |       6 |   0.0 |   419
               +---------+---------+-------+---------+---------+-------+---------
